 Dungeon Crawl Stone Soup version 0.28.0 (webtiles) character file.

Game seed: 2621602834859886604

1 croobank the Sneak (level 1, -1/10 HPs)
             Began as a Felid Delver on Feb 9, 2022.
             Was an Initiate of Hepliaklqana.
             Slain by a quokka (3 damage)
             ... on level 2 of the Dungeon.
             The game lasted 00:01:42 (589 turns).

croobank the Sneak (Felid Delver)                    Turns: 589, Time: 00:01:42

Health: -1/10      AC:  1    Str:  8    XL:     1   Next: 16%
Magic:  2/2        EV: 17    Int: 11    God:    Hepliaklqana [......]
Gold:   5          SH:  0    Dex: 17    Spells: 0/0 levels left
                                        Lives:  0   Deaths: 0

rFire   . . .      SeeInvis +     - Unarmed
rCold   . . .      Faith    .   (shield unavailable)
rNeg    . . .      Spirit   .   (armour unavailable)
rPois   .          Reflect  .   (helmet unavailable)
rElec   .          Harm     .   (cloak unavailable)
rCorr   .          Rampage  .   (gloves unavailable)
Will    .....                   (boots unavailable)
Stlth   ++++......              (no amulet)
HPRegen 0.03/turn               (no ring)
MPRegen 0.08/turn               (no ring)

@: quick
A: very small, claws 1, fangs 3, see invisible, speed 1, shaggy fur 1, stealthy
paws, no weapons or thrown items, no armour, multi-lived
a: Renounce Religion


You were on level 2 of the Dungeon.
You worshipped Hepliaklqana.
Hepliaklqana was noncommittal.
You visited 2 branches of the dungeon, and saw 5 of its levels.

You collected 5 gold pieces.

Inventory:

Wands
 e - a wand of digging (3)
Scrolls
 a - a scroll of fog
 d - a scroll of amnesia {unknown}
Potions
 f - a potion of might {unknown}


   Skills:
 + Level 3.0 Fighting
 + Level 2.7 Dodging
 + Level 6.6 Stealth
 + Level 2.0 Unarmed Combat


You couldn't memorise any spells.
You didn't know any spells.
Your spell library was empty.

Dungeon Overview and Level Annotations

Branches:
Dungeon (5/15)             Temple (1/1) D:5

Altars:
Ashenzari
Cheibriados
Dithmenos
Elyvilon
Fedhas
Gozag
Hepliaklqana
Kikubaaqudgha
Makhleb
Nemelex Xobeh
Okawaru
Qazlal
Ru
Sif Muna
Trog
Uskayaw
Vehumet
Wu Jian
Xom
Zin

Shops:
D:5 !

Annotations:
D:3 Grinder


Innate Abilities, Weirdness & Mutations

You have sharp claws.
You have razor-sharp teeth.
You have supernaturally acute eyesight. (SInv)
You cover ground quickly. (Speed+)
You are covered in fur. (AC +1)
Your paws help you pounce on unaware monsters.
You are incapable of wielding weapons or throwing items.
You cannot wear armour.
You gain extra lives every three experience levels.


Message History

The puff of frost misses you.
There is a stone staircase leading up here.
You climb upwards.
There is a stone staircase leading down here.
You start resting.
HP restored.
You now have 5 gold pieces.
Grinder comes into view.
As you read the scroll of magic mapping, it crumbles to dust.
You feel aware of your surroundings.
You sensed 1 altar.
Grinder shouts!
An endoplasm comes into view.
Found a stone staircase leading up.
There is a stone staircase leading up here.
You climb upwards.
There is a stone staircase leading down here.
You open the door.
A worm comes into view.
A quokka comes into view.
A quokka and a worm come into view.
Found a mace.
The quokka bites you.
A goblin comes into view. It is wielding a +0 club.
The goblin shouts!
You scratch the quokka.
The quokka is heavily wounded.
The quokka completely misses you.
You scratch the quokka.
You kill the quokka!
A hobgoblin comes into view.
The quokka closely misses you.
You closely miss the quokka. The quokka completely misses you.
You scratch the quokka.
The quokka is heavily wounded.
The quokka bites you.
* * * LOW HITPOINT WARNING * * *
You closely miss the quokka. Your bite misses the quokka.
The quokka is heavily wounded.
The quokka closely misses you. The quokka bites you.
You die...

#...........#..g.g.
#.................
#.................
########...†.##
#.........#
#.........##
+.........g#
#........#r#
#........+@+
#..).....#.#
#w.......#+#
.......... .......


You could see a quokka and a goblin.

Vanquished Creatures
  A quokka (D:2)
1 creature vanquished.

Vanquished Creatures (others)
  A plant (D:5)
1 creature vanquished.

Grand Total: 2 creatures vanquished

Notes
Turn   | Place    | Note
-------+----------+-------------------------------------------
     0 | D:5      | croobank the Felid Delver began the quest for the Orb.
     0 | D:5      | Reached XP level 1. HP: 10/10 MP: 2/2
    15 | D:5      | Noticed an orc wizard
    15 | D:5      | Noticed an orc priest
    23 | Temple   | Entered the Ecumenical Temple
   204 | Temple   | Became a worshipper of Hepliaklqana the Forgotten
   555 | D:3      | Noticed Grinder
   589 | D:2      | Slain by a quokka

Illustrated notes

Levels and vault maps discovered:
D:2:      layout_basic, minmay_misc_feat_rugged, uniq_jessica
D:3:      layout_loops_ring, dreamdust_ecumenical_altar_drowned_temple,
          minmay_snake_closets, uniq_grinder
D:4:      layout_basic, uniq_blork_the_orc
D:5:      layout_cave_pods, minmay_temple_entry_overgrown, serial_shops,
          nicolae_shop_waterfront, uniq_eustachio
Temple:   mainiacjoe_temple_starburst

Action                   || total
-------------------------++-------
Melee: Unarmed           ||     6
  Use: Scroll            ||     2
       Potion            ||     1
Dodge: Dodged            ||     5
